 Dungeon Crawl Stone Soup version 0.30.1-9-gdf580d7c3d (webtiles) character file.

Game seed: 17355206816103224511

361 fireball365 the Chopper (level 6, -1/55 HPs)
             Began as a Hill Orc Fighter on Oct 20, 2023.
             Slain by Menkaure (15 damage)
             ... on level 4 of the Dungeon.
             The game lasted 00:04:52 (3372 turns).

fireball365 the Chopper (Hill Orc Fighter)          Turns: 3372, Time: 00:04:52

Health: -1/55      AC:  7    Str: 21    XL:     6   Next: 66%
Magic:  6/6        EV:  9    Int:  8    God:
Gold:   174        SH:  4    Dex: 10    Spells: 5/5 levels left

rFire   . . .        a - +0 war axe
rCold   . . .        c - +0 buckler
rNeg    . . .        b - +0 scale mail
rPois   .            (no helmet)
rElec   .            (no cloak)
rCorr   .            (no gloves)
SInv    .            (no boots)
Will    .....        (no amulet) Stlth
                     (no ring)
HPRegen 0.29/turn    (no ring)
MPRegen 0.10/turn

%: no passive effects
@: no status effects
A: no striking features
a: no special abilities


You were on level 4 of the Dungeon.
You visited 1 branch of the dungeon, and saw 4 of its levels.

You collected 174 gold pieces.

Inventory:

Hand Weapons
 a - a +0 war axe (weapon)
Armour
 b - a +0 scale mail (worn)
 c - a +0 buckler (worn)
 s - a +0 pair of gloves
Jewellery
 m - a ring of wizardry
 n - a ring of ice
Wands
 p - a wand of iceblast (6)
Scrolls
 e - a scroll of summoning
 f - 2 scrolls of blinking {unknown}
 g - 3 scrolls of magic mapping {unknown}
 i - 3 scrolls of teleportation {unknown}
 j - a scroll of acquirement {unknown}
 l - a scroll of poison {unknown}
 o - a scroll of fear {unknown}
 q - 2 scrolls of immolation {unknown}
 r - a scroll of identify {unknown}
 t - a scroll of enchant armour {unknown}
Potions
 d - 2 potions of might
 h - 3 potions of curing {unknown}
 k - a potion of heal wounds {unknown}


   Skills:
 + Level 4.8 Fighting
 + Level 5.7 Axes
 + Level 5.0 Armour
 + Level 0.5 Dodging
 + Level 0.6 Stealth
 + Level 4.2 Shields


You had 5 spell levels left.
You didn't know any spells.
Your spell library contained the following spells:

 Spells                   Type           Power      Damage    Failure   Level
 Cigotuvi's Dreadful Rot  Necr/Pois/Air  0%         N/A       91%         2
 Ignite Poison            Fire/Tmut/Pois 0%         N/A       99%         3
 Freezing Cloud           Conj/Ice/Air   0%         6-21      100%        5


Dungeon Overview and Level Annotations

Branches:
Dungeon (4/15)
 Temple: D:4-7

Altars:
Elyvilon

Annotations:
D:4 Menkaure


Message History

You feel sick.
You feel sick.
You feel sick.
You are no longer poisoned.
A goblin comes into view. It is wielding a +0 club.
The goblin shouts!
The goblin hits you but does no damage.
You slash the goblin!
You kill the goblin!
i - 3 scrolls labelled QAIMIJ ZOHONO (gained 1)
Things that are here:
a +0 club; a goblin corpse HP restored.
Found a white marble altar of Elyvilon.
Found a stone staircase leading up.
Found a wand of iceblast (7).
Menkaure, Prince of Dust comes into view.
Found 4 gold pieces.
Menkaure hits you!
You see here a blue potion.
You hit Menkaure but do no damage. Menkaure barely misses you.
You hit Menkaure.
Menkaure is lightly damaged.
Menkaure calls on the powers of darkness!
Your body is wracked with pain!
You hit Menkaure but do no damage.
Menkaure is lightly damaged.
Menkaure closely misses you.
You hit Menkaure but do no damage.
Menkaure is lightly damaged.
Menkaure calls on the powers of darkness!
Your body is wracked with pain!
* * * LOW HITPOINT WARNING * * *
You hit Menkaure but do no damage.
Menkaure is lightly damaged.
You block Menkaure's attack.
You hit Menkaure.
Menkaure is moderately damaged.
Menkaure hits you!
You die...

.....)..##.#.##........
#.)##................./
.............#....##.##.
...#####........#..#.#..
...........###..##.....#
...#####.##..<......_...
...#####.#.###..##.....
<......... #..#..#.#.
########.# ##.@M# .#
##......$. #.####### .##
#


You could see Menkaure.

Vanquished Creatures
  The ghost of Zespara the Vexing, an amateur DEHs (D:3)
  A scorpion (D:4)
  A centaur zombie (D:3)
  A bullfrog skeleton (D:3)
  4 gnolls
  A howler monkey skeleton (D:3)
  5 adders
  A worm (D:2)
  A dart slug (D:1)
  5 orcs (D:3)
  2 ball pythons
  7 bats
  5 endoplasms
  4 giant cockroaches
  4 goblins
  5 hobgoblins
  3 jackals (D:1)
  13 kobolds
  A quokka (D:2)
  A frilled lizard (D:3)
  4 rats
70 creatures vanquished.

Notes
Turn   | Place    | Note
-------+----------+-------------------------------------------
     0 | D:1      | fireball365 the Hill Orc Fighter began the quest for the
                  | Orb.
     0 | D:1      | Reached XP level 1. HP: 19/19 MP: 1/1
   216 | D:1      | Reached XP level 2. HP: 26/27 MP: 2/2
   561 | D:1      | Reached XP level 3. HP: 22/33 MP: 3/3
  1381 | D:2      | Reached XP level 4. HP: 28/40 MP: 4/4
  1906 | D:2      | Reached XP level 5. HP: 41/46 MP: 5/5
  1933 | D:2      | Found a faded altar of an unknown god.
  2462 | D:3      | Noticed Zespara's ghost (amateur DEHs)
  2463 | D:3      | Found a transporter.
  2528 | D:3      | Found a transporter.
  2756 | D:3      | Reached XP level 6. HP: 47/53 MP: 6/6
  2763 | D:3      | Killed Zespara's ghost
  2764 | D:3      | Reached skill level 5 in Axes
  3277 | D:4      | Reached skill level 5 in Armour
  3356 | D:4      | Found a white marble altar of Elyvilon.
  3364 | D:4      | Noticed Menkaure
  3372 | D:4      | Slain by Menkaure

Illustrated notes

Levels and vault maps discovered:
D:1:      minmay_arrival_five_plusses, layout_basic, serial_bayou_pond_e
D:2:      layout_loops_corners, chequers_ecumenical_altar_simple_redux,
          feat_on_display
D:3:      layout_basic, gammafunk_ghost_mausoleum
D:4:      layout_loops_ring, mainiacjoe_overflow_small_starburst,
          fedhas_altar_4, minmay_temple_entry_statues_pillars, uniq_menkaure

Skill      XL: |  1  2  3  4  5  6 |
---------------+-------------------+-----
Fighting       | 4 |  4.8
Axes           | 3 4 5 |  5.7
Shields        | 4 |  4.2
Armour         | 4 5 |  5.0
Dodging        | |  0.5
Stealth        | |  0.6

Action                     |  1- 3 |  4- 6 || total
---------------------------+-------+-------++-------
  Melee: War axe           |    83 |   112 ||   195
    Use: Scroll            |       |     1 ||     1
   Stab: Distracted        |       |     1 ||     1
 Armour: Scale mail        |    48 |    72 ||   120
  Dodge: Dodged            |    60 |    68 ||   128
  Block: Buckler           |    27 |    32 ||    59
